 Dungeon Crawl Stone Soup version 0.21.1-1-g345015fe64 (webtiles) character file.

70 LevaFresel the Covered (level 4, -2/35 HPs)
             Began as a Human Fighter on June 15, 2018.
             Slain by denis1488's ghost (4 damage)
             ... on level 3 of the Dungeon.
             The game lasted 00:04:06 (1806 turns).

LevaFresel the Covered (Human Fighter)              Turns: 1806, Time: 00:04:07

Health: -2/35      AC:  6    Str: 22    XL:     4   Next: 45%
Magic:  4/4        EV:  8    Int:  8    God:
Gold:   84         SH: 15    Dex: 13    Spells: 3/3 levels left

rFire    . . .     SeeInvis .   a - +0 war axe
rCold    . . .     Gourm    .   c - +0 shield
rNeg     . . .     Faith    .   b - +0 scale mail
rPois    .         Spirit   .   (no helmet)
rElec    .         Reflect  +   (no cloak)
rCorr    .         Harm     .   (no gloves)
MR       .....                  (no boots)
Stlth    ..........             s - +6 amulet of reflection
HPRegen  0.11/turn              (no ring)
MPRegen  0.09/turn              (no ring)

@: mighty
A: no striking features
a: no special abilities


You were on level 3 of the Dungeon.
You were not hungry.

You visited 1 branch of the dungeon, and saw 3 of its levels.

You collected 84 gold pieces.

Inventory:

Hand Weapons
 a - a +0 war axe (weapon)
Missiles
 h - 37 poisoned needles
Armour
 b - a +0 scale mail (worn)
 c - a +0 shield (worn)
Jewellery
 s - a +6 amulet of reflection (around neck)
Scrolls
 e - a scroll of enchant armour {unknown}
 j - 4 scrolls of teleportation
 m - a scroll of fog {unknown}
 o - a scroll of noise {unknown}
 p - a scroll of remove curse
 q - a scroll of fear {unknown}
Potions
 g - a potion of brilliance {unknown}
 i - a potion of haste {unknown}
 k - a potion of curing {unknown}
 n - a potion of mutation {unknown}
 t - a potion of flight {unknown}
Books
 l - a book of Misfortune

   Spells                             Type                      Level
   a - Confusing Touch                Hexes                        1
   b - Confuse                        Hexes                        3
   c - Gell's Gravitas                Translocation                3
   d - Petrify                        Transmutation/Earth          4
   e - Metabolic Englaciation         Hexes/Ice                    5
   f - Yara's Violent Unravelling     Hexes/Transmutation          5
 r - a book of Necromancy

   Spells                             Type                      Level
   a - Pain                           Necromancy                   1
   b - Animate Skeleton               Necromancy                   1
   c - Vampiric Draining              Necromancy                   3
   d - Regeneration                   Charms/Necromancy            3
   e - Animate Dead                   Necromancy                   4
   f - Borgnjor's Vile Clutch         Necromancy/Earth             5


   Skills:
 + Level 3.3 Fighting
 * Level 2.9 Axes
 + Level 3.3 Armour
 + Level 1.2 Dodging
 + Level 3.3 Shields


You had 3 spell levels left.
You didn't know any spells.

Dungeon Overview and Level Annotations

Branches:
Dungeon (3/15)

Altars:

Annotations:
D:3 denis1488's ghost, amateur GnWr


Message History

You closely miss denis1488's ghost.
Denis1488's ghost is severely damaged.
Denis1488's ghost barely misses you. Denis1488's ghost hits you!
* * * LOW HITPOINT WARNING * * *
You miss denis1488's ghost.
Denis1488's ghost is severely damaged.
You block denis1488's ghost's attack.
You closely miss denis1488's ghost.
Denis1488's ghost is severely damaged.
You block denis1488's ghost's attack.
Denis1488's ghost hits you but does no damage.
You barely miss denis1488's ghost.
Denis1488's ghost is severely damaged.
You block denis1488's ghost's attack.
You miss denis1488's ghost.
Denis1488's ghost is severely damaged.
Denis1488's ghost hits you.
* * * LOW HITPOINT WARNING * * *
Denis1488's ghost hits you.
You die...

#..#...)#≈≈≈≈≈≈≈≈
#.....#.[≈♣♣≈≈≈≈≈
#........≈≈P≈≈≈≈≈
#.#...####♣♣≈P≈≈≈
#.##.## ≈ P≈≈≈
#.##.#####.♣≈P≈≈P
#.##.....#..≈≈P≈
#.....)W....≈♣
##.#####@#.#.≈≈
... #..## ###
#.## ... #.# ..#
... ..#


You could see denis1488's ghost.

Vanquished Creatures
  An adder (D:2)
  An ooze (D:1)
  A dart slug (D:1)
  A leopard gecko (D:1)
  A ball python (D:2)
  4 giant cockroaches
  7 hobgoblins
  7 jackals
  3 kobolds
  6 bats
  A frilled lizard (D:1)
  9 goblins
  6 rats
48 creatures vanquished.

Notes
Turn   | Place    | Note
-------+----------+-------------------------------------------
     0 | D:1      | LevaFresel the Human Fighter began the quest for the Orb.
     0 | D:1      | Reached XP level 1. HP: 18/18 MP: 1/1
    83 | D:1      | Reached XP level 2. HP: 24/24 MP: 2/2
   301 | D:1      | Reached XP level 3. HP: 22/29 MP: 3/3
   646 | D:1      | Reached skill level 1 in Dodging
  1065 | D:2      | Reached XP level 4. HP: 35/35 MP: 4/4
  1769 | D:3      | Noticed denis1488's ghost (amateur GnWr)
  1806 | D:3      | Slain by denis1488's ghost

Skill      XL: |  1  2  3 |
---------------+----------+-----
Dodging        | 1 |  1.2
Fighting       | |  3.3
Axes           | |  2.9
Armour         | |  3.3
Shields        | |  3.3

Action                   |  1- 3 |  4- 6 || total
-------------------------+-------+-------++-------
Melee: War axe           |    97 |    74 ||   171
  Use: Scroll            |       |     2 ||     2
       Potion            |       |     1 ||     1
  Eat: Chunk             |       |     2 ||     2
       Ration            |       |     1 ||     1
Armor: Scale mail        |    44 |    14 ||    58
Dodge: Dodged            |    36 |    24 ||    60
Block: Shield            |    55 |    53 ||   108
